 Dungeon Crawl Stone Soup version 0.32-a0-471-gb91d5d9764 (webtiles) character file.

Game seed: 17976697824101004166

164163 Alarak the Formicid Aeon (level 18, -10/149 HPs)
             Began as a Formicid Fighter on Feb 25, 2024.
             Was the Champion of Cheibriados.
             Mangled by a naga warrior
             ... wielding a +0 battleaxe
              (14 damage)
             ... on level 4 of the Snake Pit.
             The game lasted 02:01:48 (24909 turns).

Alarak the Formicid Aeon (Formicid Fighter)        Turns: 24909, Time: 02:01:48

Health: -10/149    AC: 26    Str: 44    XL:     18   Next: 48%
Magic:  24/29      EV: 14    Int: 23    God:    Cheibriados [******]
Gold:   1696       SH: 17    Dex: 31    Spells: 13/17 levels left

rFire   + . .        G - +6 battleaxe (freeze)
rCold   . . .        V - +1 kite shield {rPois}
rNeg    . . .        O - +4 plate armour {rPois}
rPois   +            (helmet unavailable)
rElec   .            l - +2 cloak
rCorr   .            M - +1 pair of gloves {hurl}
SInv    +            (no boots)
Will    +....        B - amulet "Vall" {Harm +Inv rF+ Regen+ Dex+3} Stlth
                     r - +5 ring of evasion
HPRegen 1.24/turn    o - +4 ring of slaying
MPRegen 0.21/turn

%: harm (+30% outgoing, +20% incoming)
@: mighty, weakened, very slow
A: permanent stasis, dig shafts and tunnels, antennae 3, four strong arms
a: Dig, Shaft Self, Renounce Religion, Evoke Invisibility, Bend Time, Temporal
Distortion, Slouch, Step From Time


You were on level 4 of the Snake Pit.
You worshipped Cheibriados.
Cheibriados was exalted by your worship.
You visited 4 branches of the dungeon, and saw 24 of its levels.
You also visited: Gauntlet and Volcano.

You collected 2817 gold pieces.
You spent 1121 gold pieces at shops.

Inventory:

Hand Weapons
 m - the +7 hammer "Futukki" {flame, rN+ Str+6 Dex-4}
   (You found it on level 2 of the Dungeon)

   Str+6:     It affects your strength (+6).
   Dex-4:     It affects your dexterity (-4).
   rN+:       It protects you from negative energy.
 A - a +1 hand cannon of flaming
 G - a +6 battleaxe of freezing (weapon)
Missiles
 X - a throwing net
Armour
 a - a +3 plate armour of fire resistance
 e - a scarf of repulsion
 l - a +2 cloak (worn)
 y - a +1 kite shield of cold resistance
 M - a +1 pair of gloves of hurling (worn)
 O - a +4 plate armour of poison resistance (worn)
 V - a +1 kite shield of poison resistance (worn)
Jewellery
 c - a ring of ice
 j - an amulet of reflection
 o - a +4 ring of slaying (right hand)
 r - a +5 ring of evasion (left hand)
 s - a +4 ring of protection
 z - an amulet of regeneration
 B - the amulet "Vall" (around neck) {Harm +Inv rF+ Regen+ Dex+3}
   (You took it off a minotaur in a Gauntlet)

   [amulet of regeneration]

   Dex+3:     It affects your dexterity (+3).
   rF+:       It protects you from fire.
   +Inv:      It lets you turn invisible.
   Regen+:    It increases your rate of health regeneration.
   Harm:      It increases damage dealt and taken.
 Q - the ring "Rympeun" {Wiz rElec Will+}
   (You found it in a Gauntlet)

   [ring of wizardry]

   Wiz:       It improves your spell success rate.
   rElec:     It insulates you from electricity.
   Will+:     It increases your willpower.
 S - a ring of wizardry
 Z - a ring of positive energy
Wands
 t - a wand of flame (66)
 u - a wand of mindburst (22)
 v - a wand of polymorph (9)
 x - a wand of paralysis (40)
 D - a wand of roots (5)
 P - a wand of light (17)
Scrolls
 b - 4 scrolls of poison
 i - 3 scrolls of amnesia
 w - a scroll of brand weapon
 C - 3 scrolls of revelation
 H - 2 scrolls of enchant armour
 J - 2 scrolls of fog
 L - a scroll of fear
 N - 2 scrolls of identify
 R - a scroll of immolation
 W - 6 scrolls of enchant weapon
Potions
 f - 13 potions of curing
 h - a potion of berserk rage
 k - 5 potions of brilliance
 q - 3 potions of ambrosia
 E - a potion of magic
 F - 3 potions of attraction
 I - a potion of resistance
 K - 2 potions of enlightenment
 T - a potion of heal wounds
 U - 3 potions of cancellation
 Y - a potion of invisibility
Miscellaneous
 g - a tin of tremorstones (1/2)
 n - a phantom mirror (inert)
 p - a phial of floods (inert)


   Skills:
 + Level 15.3 Fighting
 - Level 14.0 Axes
 - Level 14.2 Armour
 - Level 14.1 Shields
 - Level 12.4 Alchemy
 - Level 15.3 Invocations
 - Level 13.0 Evocations


You had 13 spell levels left.
You knew the following spells:

 Your Spells              Type           Power      Damage    Failure   Level
a - Olgreb's Toxic Radia  Alch           55%        N/A       4%          4

Your spell library contained the following spells:

 Spells                   Type           Power      Damage    Failure   Level
 Sting                    Conj/Alch      100%       1d9       5%          1
 Mercury Vapours          Alch/Air       56%        N/A       9%          2
 Cigotuvi's Dreadful Rot  Necr/Alch/Air  38%        N/A       19%         2
 Sticky Flame             Fire/Alch      28%        2d7       47%         4
 Eringya's Noxious Bog    Alch           27%        4d6       54%         6
 Foxfire                  Conj/Fire      0%         2x1d4     56%         1
 Sandblast                Erth           0%         2d4       56%         1
 Ensorcelled Hibernation  Hex/Ice        0%         N/A       71%         2
 Lesser Beckoning         Tloc           0%         N/A       71%         2
 Dazzling Flash           Conj/Hex       0%         N/A       90%         3
 Fugue of the Fallen      Necr           0%         N/A       90%         3
 Gell's Gravitas          Tloc           0%         N/A       90%         3
 Inner Flame              Hex/Fire       0%         N/A       90%         3
 Passwall                 Erth           0%         N/A       90%         3
 Stone Arrow              Conj/Erth      0%         3d7       90%         3
 Teleport Other           Tloc           0%         N/A       90%         3
 Volatile Blastmotes      Fire/Tloc      0%         2d10      90%         3
 Anguish                  Hex/Necr       0%         N/A       100%        4
 Brom's Barrelling Bould  Conj/Erth      0%         2d3       100%        4
 Dispel Undead            Necr           0%         3d6       100%        4
 Flame Wave               Conj/Fire      0%         2d4       100%        4
 Martyr's Knell           Necr/Summ      0%         N/A       100%        4
 Lee's Rapid Deconstruct  Erth           0%         3d4*      100%        5
 Summon Forest            Summ/Tloc      0%         N/A       100%        5
 Summon Mana Viper        Hex/Summ       0%         N/A       100%        5
 Death Channel            Necr           0%         N/A       100%        6
 Dispersal                Tloc           0%         N/A       100%        6
 Plasma Beam              Fire/Air       0%         2x1d10    100%        6
 Starburst                Conj/Fire      0%         6d3       100%        6
 Ozocubu's Refrigeration  Ice            0%         4d7       100%        7
 Summon Hydra             Summ           0%         N/A       100%        7
 Discord                  Hex            0%         N/A       100%        8
 Maxwell's Capacitive Co  Air            0%         ∞         100%        8


Dungeon Overview and Level Annotations

Branches:
Dungeon (13/15)            Temple (0/1) D:4            Lair (5/5) D:9
 Shoals (0/4) Lair:2        Snake (4/4) Lair:3        Slime (0/5) Lair:5
    Orc (2/2) D:9             Elf (0/3) Orc:2       Volcano (visited)
Gauntlet (visited)
 Vaults: D:13-14

Altars:
Cheibriados
Gozag
Kikubaaqudgha
Okawaru
Qazlal
Sif Muna
Beogh
Jiyva

Shops:
D:1 *   D:8 *   D:10 :   D:11 *   Orc:2 :(!*   Snake:3 *

Annotations:
D:10 2 transporters, lugworm's ghost, journeyman CoCK


Innate Abilities, Weirdness & Mutations

You cannot be hasted, slowed, berserked, paralysed or teleported.
You can dig through walls and to a lower floor.
You have a pair of large antennae on your head. (SInv)
Your four strong arms can wield two-handed weapons with a shield.


Message History

Press: ? - help, Dir - look around, f - activate You can feel time thicken for a moment.
You kill the salamander mystic!
Cheibriados appreciates the change of pace.
The salamander closely misses you. The naga spits poison at you.
The splash of poison misses you. You block the salamander's attack.
The naga warrior spits poison at you. You block the splash of poison.
The naga warrior constricts you.
The salamander hits you but does no damage.
The naga hits you with a +0 battleaxe!
* * * LOW HITPOINT WARNING * * *
A salamander comes into view.
The salamander mystic hits you but does no damage.
You feel much better.
The naga warrior no longer looks unusually strong.
The salamander hits you but does no damage.
The naga warrior hits you with a +0 battleaxe!
* * * LOW HITPOINT WARNING * * *
The salamander barely misses you. You block the naga's attack.
The naga warrior loses its grip on you.
The salamander mystic hits you but does no damage.
You block the salamander's attack.
The salamander mystic no longer looks unusually strong.
The naga warrior attacks as it pursues you!
You block the naga warrior's attack. x3
The naga warrior spits poison at you.
The splash of poison hits you but does no damage.
You resist. The naga misses you. The naga barely misses you.
The salamander hits you from afar with a +0 trident!!
* * * LOW HITPOINT WARNING * * *
You are engulfed in flames.
You resist.
* * * LOW HITPOINT WARNING * * *
The naga warrior attacks as it pursues you!
The naga warrior hits you with a +0 dire flail.
* * * LOW HITPOINT WARNING * * *
The naga warrior closely misses you.
The naga warrior hits you with a +0 battleaxe!
You die...
Cheibriados appreciates the motionlessness of death.

{ { , { {{ ......... { # # {.
..{.... { ## ## ..# N..... ####{
##. .##...# ....{##N@## { ##..
..##...##..{##†NN.## ##...
...##...#{{##NNNN..## ##....
....##..~~.#NN.N....# ##..).)
.....##.~{.))......).... ##.....)
......##...†#......#....##....###
.......##...##....##...##....##..
........##...##..##...##...).#...
.###.....##...####...##......#..#


You could see 3 naga warriors, 2 salamander mystics, 4 salamanders and a naga
(fast, strong).

Vanquished Creatures
  Vashnia (Snake:2)
  Rupert (Lair:4)
  Jorgrun (Orc:2)
  2 nagarajas
  Roxanne (Snake:1)
  2 orc warlords
  The ghost of Cepsanle the Severer, a journeyman MiBe of Trog (D:13)
  A minotaur (Gauntlet)
  Azrael (D:11)
  8 hydras
  4 salamander tyrants
  Erolcha (D:10)
  An ice dragon (Lair:5)
  8 anacondas
  4 catoblepae
  An ogre mage (Orc:2)
  A death knight (D:13)
  A boulder beetle (D:13)
  The ghost of Konar the Marksgoblin, a journeyman CoHu of Ashenzari (D:9)
  2 two-headed ogres
  2 centaur warriors
  9 naga warriors
  A death yak (Lair:5)
  2 tengu warriors (D:13)
  4 shock serpents
  3 orc high priests (Orc:2)
  9 naga sharpshooters
  A skyshark (Lair:5)
  2 sea snakes (Snake:3)
  7 salamander mystics
  10 mana vipers
  7 naga ritualists
  2 deep elf archers (Volcano)
  5 orc knights (Orc:2)
  Pikel (D:7)
  10 deep elf pyromancers
  2 lindwurms (Lair:5)
  A large abomination (D:11)
  3 cyclopes
  The ghost of Alarak the Chiller, a novice GnIE (D:4)
  3 orc sorcerers
  A wolf spider (Lair:5)
  3 ugly things
  2 manticores
  17 salamanders
  2 guardian serpents
  Maurice (D:7)
  10 elephants
  10 naga magi
  51 black mambas
  23 cane toads
  A gargoyle (D:12)
  8 kobold blastminers
  2 minotaur zombies (Gauntlet)
  9 torpor snails
  2 unseen horrors (D:11)
  An efreet (D:13)
  A freezing wraith (D:11)
  5 rime drakes
  8 komodo dragons
  The ghost of t4s4d4r the Insei, a novice OpSh (D:4)
  A hydra zombie (D:11)
  7 trolls
  3 polar bears
  The ghost of 1Anon the Shield-Bearer, an amateur GnFi of Okawaru (D:5)
  3 tyrant leeches (Lair:5)
  A raiju (Gauntlet)
  12 hornets
  The ghost of TobyConnect the Trooper, an amateur OpFi (D:4)
  12 blink frogs
  A dream sheep (Lair:2)
  A jumping spider (shapeshifter) (D:13)
  A meliai zombie (D:11)
  Sigmund (D:5)
  4 slime creatures (D:13)
  2 vampires
  13 wyverns
  3 basilisks
  58 yaks
  2 steam dragons (Gauntlet)
  5 fire elementals
  A neqoxec (Gauntlet)
  5 vampire mosquitoes
  4 redbacks (Lair:5)
  2 wargs
  2 chaos spawn (Gauntlet)
  A two-headed ogre zombie (D:11)
  3 acid dragons
  A small abomination (D:11)
  2 swamp worms (Gauntlet)
  34 nagas
  44 water moccasins
  Duvessa (D:7)
  6 hell hounds
  2 black bears (D:6)
  21 orc warriors
  6 ice beasts (D:9)
  A laughing skull (D:11)
  3 ogres
  15 wolves
  2 centaurs
  The ghost of t4s4d4r the Chopper, an amateur CoFi (D:4)
  2 lemures (D:7)
  4 kobold brigands
  18 bullfrogs
  2 scorpions
  5 wights (D:7)
  A spriggan zombie (D:11)
  Dowan (D:7)
  25 killer bees
  6 howler monkeys
  4 wolf zombies (D:11)
  2 bombardier beetles
  4 centaur zombies (D:11)
  16 jellies
  A hound (D:6)
  12 orc priests
  Crazy Yiuf (D:2)
  A sleepcap (D:5)
  2 iguanas (D:4)
  Ijyb (D:5)
  30 orc wizards
  Robin (D:2)
  3 gnolls (D:7)
  10 adders
  2 shadow imps
  A white imp (D:5)
  2 ufetubi (D:6)
  3 ribbon worms
  2 dart slugs
  79 orcs
  5 ball pythons
  9 endoplasms
  A giant cockroach (D:3)
  17 goblins
  7 hobgoblins
  2 jackals (D:4)
  25 kobolds
  4 quokkas
  4 bats
  3 frilled lizards (D:1)
  6 rats
899 creatures vanquished.

Vanquished Creatures (others)
  A cyclops (D:13)
  A swamp worm (Gauntlet)
  2 orc priests (Orc:2)
  A goblin (D:2)
5 creatures vanquished.

Grand Total: 904 creatures vanquished

Notes
Turn   | Place    | Note
-------+----------+-------------------------------------------
     0 | D:1      | Alarak the Formicid Fighter began the quest for the Orb.
     0 | D:1      | Reached XP level 1. HP: 18/18 MP: 1/1
    95 | D:1      | Reached XP level 2. HP: 19/24 MP: 2/2
   463 | D:1      | Found Icwidy's Assorted Antiques.
   488 | D:1      | Reached XP level 3. HP: 28/28 MP: 2/3
   827 | D:1      | Found a faded altar of an unknown god.
  1068 | D:2      | Found a runed translucent door.
  1070 | D:2      | Identified the +5 hammer "Widowermaker" {elec, rC++}
  1071 | D:2      | Noticed Crazy Yiuf
  1072 | D:2      | Identified the +12 hammer of Ruathrybe {speed, rCorr Str+3}
  1239 | D:2      | Killed Crazy Yiuf
  1240 | D:2      | Reached XP level 4. HP: 22/38 MP: 4/4
  1241 | D:2      | Identified the +3 hammer "Duxoixzucecs" {chaos, rF+ rC+
                  | Dex+6}
  1248 | D:2      | Identified the +7 hammer "Futukki" {flame, rN+ Str+6 Dex-4}
  1672 | D:2      | Noticed Robin
  1674 | D:2      | Reached skill level 5 in Fighting
  1691 | D:2      | Killed Robin
  1692 | D:2      | Reached XP level 5. HP: 23/44 MP: 5/5
  2286 | D:3      | Found a snail-covered altar of Cheibriados.
  2414 | D:3      | Reached skill level 5 in Shields
  2417 | D:3      | Reached XP level 6. HP: 39/51 MP: 6/6
  2794 | D:3      | Became a worshipper of Cheibriados the Contemplative
  3127 | D:4      | Found a stormy altar of Qazlal.
  3127 | D:4      | Found a shimmering blue altar of Sif Muna.
  3332 | D:4      | Found a staircase to the Ecumenical Temple.
  3388 | D:4      | Found an iron altar of Okawaru.
  3426 | D:4      | Reached XP level 7. HP: 53/56 MP: 7/7
  3463 | D:4      | Reached * piety under Cheibriados
  3537 | D:4      | Found a runed translucent gate.
  3537 | D:4      | Found a runed translucent gate.
  3537 | D:4      | Found a runed translucent gate.
  3537 | D:4      | Noticed TobyConnect's ghost (amateur OpFi)
  3537 | D:4      | Noticed t4s4d4r's ghost (amateur CoFi)
  3538 | D:4      | Noticed t4s4d4r's ghost (novice OpSh)
  3538 | D:4      | Noticed Alarak's ghost (novice GnIE)
  3768 | D:5      | Entered Level 5 of the Dungeon
  3792 | D:5      | Noticed Sigmund
  3800 | D:5      | Killed Sigmund
  3870 | D:5      | Noticed Ijyb
  3876 | D:5      | Killed Ijyb
  3898 | D:5      | Found a runed translucent door.
  3981 | D:5      | Reached skill level 5 in Axes
  4155 | D:5      | Noticed 1Anon's ghost (amateur GnFi)
  4367 | D:5      | Killed 1Anon's ghost
  4368 | D:5      | Reached XP level 8. HP: 32/62 MP: 8/8
  4582 | D:6      | Reached ** piety under Cheibriados
  5308 | D:7      | Noticed Maurice
  5315 | D:7      | Killed Maurice
  5316 | D:7      | Reached XP level 9. HP: 50/68 MP: 9/9
  5316 | D:7      | Noticed a manticore
  5408 | D:7      | Noticed Duvessa
  5415 | D:7      | Noticed Dowan
  5643 | D:7      | Killed Duvessa
  5736 | D:7      | Killed Dowan
  5755 | D:7      | Reached skill level 10 in Axes
  5773 | D:7      | Killed a manticore
  5961 | D:7      | Reached skill level 10 in Shields
  6132 | D:7      | Reached *** piety under Cheibriados
  6136 | D:7      | Reached XP level 10. HP: 56/72 MP: 10/10
  6351 | D:7      | Noticed Pikel
  6358 | D:7      | Killed Pikel
  6424 | D:7      | Reached **** piety under Cheibriados
  6954 | D:8      | Reached skill level 1 in Invocations
  7496 | D:8      | Found Arycerea's Changing Room.
  7577 | D:8      | Learned a level 4 spell: Olgreb's Toxic Radiance
  7671 | D:9      | Noticed a rime drake
  7676 | D:9      | Killed a rime drake
  7676 | D:9      | Reached ***** piety under Cheibriados
  7677 | D:9      | Reached XP level 11. HP: 61/81 MP: 14/14
  7683 | D:9      | Reached skill level 5 in Invocations
  7715 | D:9      | Noticed a cyclops
  7720 | D:9      | Killed a cyclops
  7898 | D:9      | Found a staircase to the Lair.
  7943 | D:9      | Found a transporter.
  7943 | D:9      | Noticed a centaur warrior
  7946 | D:9      | Noticed Konar's ghost (journeyman CoHu)
  8031 | D:9      | Found an opulent altar of Gozag.
  8096 | D:9      | Found a staircase to the Orcish Mines.
  8145 | D:9      | Found a transporter.
  8796 | D:10     | Entered Level 10 of the Dungeon
  8919 | D:10     | Noticed Erolcha
  8939 | D:10     | Killed Erolcha
  9079 | D:10     | Found Naaffeh's Self-Published Books.
  9449 | D:10     | Found a transporter.
  9449 | D:10     | Noticed a two-headed ogre
  9451 | D:10     | Noticed lugworm's ghost (journeyman CoCK)
  9452 | D:10     | Found a transporter.
  9452 | D:10     | Noticed a two-headed ogre
  9452 | D:10     | Noticed a two-headed ogre
  9452 | D:10     | Identified the +7 giant club of Zitiadd {antimagic, rF++
                  | rCorr Str-4 Stlth+}
  9452 | D:10     | Noticed a two-headed ogre
  9459 | D:10     | Noticed a two-headed ogre
  9732 | D:11     | Reached XP level 12. HP: 86/88 MP: 17/17
  9788 | D:11     | Found Cyvoug's General Store.
  9794 | D:11     | Bought a scroll of identify for 22 gold pieces
 10140 | D:11     | Reached ****** piety under Cheibriados
 10217 | D:11     | Found an ancient bone altar of Kikubaaqudgha.
 10224 | D:11     | Identified the orb of Defence {mayhem, *Slow Fly Dex-5
                  | Tloc}
 11006 | D:12     | Noticed Azrael
 11019 | D:11     | Killed Azrael
 11248 | D:12     | Noticed a two-headed ogre
 11258 | D:12     | Killed a two-headed ogre
 11311 | D:12     | Noticed a catoblepas
 11325 | D:12     | Killed a catoblepas
 11789 | D:4      | Killed t4s4d4r's ghost
 11793 | D:4      | Killed TobyConnect's ghost
 11794 | D:4      | Killed Alarak's ghost
 11795 | D:4      | Reached skill level 10 in Fighting
 11797 | D:4      | Killed t4s4d4r's ghost
 12005 | D:9      | Killed a centaur warrior
 12006 | D:9      | Reached XP level 13. HP: 104/104 MP: 14/18
 12009 | D:9      | Killed Konar's ghost
 12349 | D:13     | Found a gate leading to a gauntlet.
 12361 | Gauntlet | Entered a Gauntlet
 12361 | Gauntlet | Noticed a great orb of eyes
 12361 | Gauntlet | Found a large runed translucent door.
 12361 | Gauntlet | Found a large runed translucent door.
 12361 | Gauntlet | Found a large runed translucent door.
 12361 | Gauntlet | Found a large runed translucent door.
 12361 | Gauntlet | Found a large runed translucent door.
 12361 | Gauntlet | Found a large runed translucent door.
 12361 | Gauntlet | Found a large runed translucent door.
 12361 | Gauntlet | Found a large runed translucent door.
 12361 | Gauntlet | Found a runed translucent door.
 12361 | Gauntlet | Found a runed translucent gate.
 12361 | Gauntlet | Found a transporter.
 12361 | Gauntlet | Found a transporter.
 12361 | Gauntlet | Found a runed translucent gate.
 12361 | Gauntlet | Found a transporter.
 12365 | Gauntlet | Found a transporter.
 12366 | Gauntlet | Found a transporter.
 12375 | Gauntlet | Found a transporter.
 12380 | Gauntlet | Found a transporter.
 12388 | Gauntlet | Found a transporter.
 12396 | Gauntlet | Found a transporter.
 12414 | Gauntlet | Found a transporter.
 12422 | Gauntlet | Found a transporter.
 12439 | Gauntlet | Found a transporter.
 12443 | Gauntlet | Found a large runed translucent door.
 12443 | Gauntlet | Found a large runed translucent door.
 12444 | Gauntlet | Found a large runed translucent door.
 12444 | Gauntlet | Found a large runed translucent door.
 12445 | Gauntlet | Found a large runed translucent door.
 12445 | Gauntlet | Found a large runed translucent door.
 12445 | Gauntlet | Found a large runed translucent door.
 12445 | Gauntlet | Found a large runed translucent door.
 12446 | Gauntlet | Found a runed translucent door.
 12521 | Gauntlet | Found a runed translucent gate.
 12697 | Gauntlet | Identified the +7 rapier of Kahofuth {drain, Int+6}
 12697 | Gauntlet | Identified the amulet "Vall" {Harm +Inv rF+ Regen+ Dex+3}
 12697 | Gauntlet | Noticed a minotaur
 12711 | Gauntlet | Killed a minotaur
 12771 | Gauntlet | Identified the ring "Rympeun" {Wiz rElec Will+}
 12771 | Gauntlet | Identified the +1 helmet of Xom's Generosity {rElec Will+}
 13111 | D:13     | Reached skill level 5 in Armour
 13131 | D:13     | Noticed Cepsanle's ghost (journeyman MiBe)
 13132 | D:13     | Found a runed translucent gate.
 13134 | D:13     | Found a runed translucent gate.
 13199 | D:13     | Noticed a centaur warrior
 13203 | D:13     | Found a runed translucent gate.
 13230 | D:13     | Noticed a catoblepas
 13250 | D:13     | Killed a catoblepas
 13539 | D:13     | Killed a centaur warrior
 13546 | D:13     | Killed Cepsanle's ghost
 13767 | Lair:1   | Entered Level 1 of the Lair of Beasts
 13819 | Lair:1   | Reached XP level 14. HP: 118/118 MP: 19/19
 13883 | Lair:1   | Found a dark tunnel.
 13892 | Volcano  | Entered a volcano
 13965 | Volcano  | Reached skill level 10 in Armour
 14223 | Lair:1   | Reached skill level 1 in Alchemy
 15237 | Lair:2   | Reached skill level 5 in Alchemy
 15743 | Lair:2   | Reached skill level 10 in Alchemy
 15855 | Lair:2   | Found a staircase to the Shoals.
 16369 | Lair:3   | Reached XP level 15. HP: 54/123 MP: 20/20
 16491 | Lair:3   | Got Yshab's Grimoire of the Lapidarian Throng
 17002 | Lair:3   | Found a staircase to the Snake Pit.
 17344 | Lair:4   | Noticed Rupert
 17355 | Lair:4   | Killed Rupert
 17665 | Lair:4   | Reached skill level 10 in Invocations
 18243 | Lair:5   | Entered Level 5 of the Lair of Beasts
 18825 | Lair:5   | Identified the serpent talisman of Ignis's Benevolence
                  | {rC++ rCorr Dex+2}
 18844 | Lair:5   | Reached XP level 16. HP: 99/130 MP: 22/26
 19154 | Lair:5   | Reached skill level 15 in Invocations
 19239 | Lair:5   | Found a staircase to the Slime Pits.
 19385 | Lair:5   | Found a viscous altar of Jiyva.
 19967 | Orc:1    | Entered Level 1 of the Orcish Mines
 20547 | Orc:2    | Entered Level 2 of the Orcish Mines
 20547 | Orc:2    | Found a roughly hewn altar of Beogh.
 20756 | Orc:2    | Noticed Jorgrun
 20766 | Orc:2    | Killed Jorgrun
 20879 | Orc:2    | Found a staircase to the Elven Halls.
 21256 | Orc:2    | Found Qoucris's Distillery.
 21256 | Orc:2    | Found Vostim's Assorted Antiques.
 21258 | Orc:2    | Found Nuefif's Antique Weapon Boutique.
 21258 | Orc:2    | Found Qoquwesu's Book Shoppe.
 21403 | Orc:2    | Bought a scroll labelled PYUWOM FURIRGHA for 26 gold pieces
 21430 | Orc:2    | Bought a tin of tremorstones (2/2) for 1040 gold pieces
 21554 | D:11     | Bought a potion of curing for 33 gold pieces
 21698 | Snake:1  | Entered Level 1 of the Snake Pit
 21705 | Snake:1  | Reached skill level 1 in Evocations
 21984 | Snake:1  | Reached XP level 17. HP: 108/136 MP: 28/28
 22116 | Snake:1  | Reached skill level 5 in Evocations
 22285 | Snake:1  | Noticed Roxanne
 22296 | Snake:1  | Killed Roxanne
 23057 | Snake:2  | Noticed Vashnia
 23072 | Snake:2  | Reached skill level 10 in Evocations
 23074 | Snake:2  | Killed Vashnia
 23519 | Snake:3  | Found Joican's CLEARANCE SALE!.
 24089 | Snake:4  | Entered Level 4 of the Snake Pit
 24136 | Snake:4  | Reached XP level 18. HP: 139/143 MP: 29/29
 24894 | Snake:4  | Reached skill level 15 in Fighting
 24909 | Snake:4  | HP: 4/149 [naga warrior/+0 dire flail (6)]
 24909 | Snake:4  | Mangled by a naga warrior

Illustrated notes

Levels and vault maps discovered:
D:1:      tarquinn_simple_flora_water_f, layout_basic,
          ebering_ecumenical_altar_webs, serial_shops,
          nicolae_shop_tiny_statue_garden
D:2:      layout_basic, serial_glass, glass_columns_a, glass_columns_a,
          glass_columns_b, glass_columns_c, glass_columns_a, glass_columns_a,
          item_on_display_a, feat_on_display, item_on_display_a,
          minmay_strange_pillars, uniq_robin, uniq_crazy_yiuf_cottage
D:3:      layout_basic, mainiacjoe_overflow_brackets
D:4:      layout_cave_pools, grunt_temple_overflow_open,
          mainiacjoe_overflow_concentric_impassable,
          minmay_temple_entry_slanted, gammafunk_ghost_cemetery
D:5:      layout_cave_pools, ebering_ghost_sewer_d, uniq_ijyb, uniq_sigmund
D:6:      layout_loops_ring
D:7:      layout_rooms, uniq_maurice, uniq_pikel, uniq_duvessa
D:8:      layout_loops_ring, chequers_serial_rivers_room_a,
          nicolae_transmutations_shop, minmay_misc_feat_rugged
D:9:      layout_stronghold, general_overflow_altar, hellmonk_lair_entry_icy,
          orc_0_dummy, gammafunk_ghost_arena
D:10:     layout_loops_ring, gammafunk_ghost_smash, nicolae_custom_books,
          hex_large, uniq_erolcha
D:11:     layout_loops_cross, serial_shops, nicolae_diamond_shop, st_stairs_12,
          roadster_capsule_ark_zombie
D:12:     layout_grid_maze, uniq_azrael
D:13:     layout_irregular_city, gauntlet_entry_generic, gammafunk_ghost_split
Lair:1:   layout_cave_pods, lightli_volcano_entry_magma_tube,
          chequers_serial_rivers_room_a
Lair:2:   nzn_winding_woodlands_small [nzn_winding_woodlands_5x15_sawtooth,
          nzn_winding_woodlands_center_garden,
          nzn_winding_woodlands_5x15_concentric], layout_gridlike,
          mainiacjoe_shoals_entry_four_pools
Lair:3:   layout_chaotic_city, minmay_snake_entry_six_corridors,
          chequers_serial_rivers_micro_b
Lair:4:   layout_hall_layers, st_stairs_10, minivault_23, lemuel_fruit_fields,
          lemuel_fruit_tree, uniq_rupert
Lair:5:   wormcave, layout_long_grid, hangedman_lair_tendril_chambers,
          minmay_slime_entry_jelly_boxes
Snake:1:  layout_onion, nicolae_triple_integral, uniq_roxanne
Snake:2:  layout_basic, st_stairs_2, grunt_megastairs_5, uniq_vashnia
Snake:3:  layout_cave_shapes, nicolae_shop_clearance, serial_bayou_shore_a
Snake:4:  johnstein_snake_rune_scales, layout_cave_town
Orc:1:    layout_caves
Orc:2:    grunt_orc_tribal_feast, layout_caves, basic_altar, uniq_jorgrun

Skill      XL: |  1  2  3  4  5  6  7  8  9 10 11 12 13 14 15 16 17 18 |
---------------+-------------------------------------------------------+-----
Axes           | 3 6 8 10 12 14 | 14.0
Fighting       | 4 5 6 10 13 15 | 15.3
Shields        | 5 7 8 10 14 | 14.1
Invocations    | 4 7 13 15 | 15.3
Armour         | 8 11 14 | 14.2
Alchemy        | 11 12 | 12.4
Evocations     | 4 13 | 13.0

Action                     |  1- 3 |  4- 6 |  7- 9 | 10-12 | 13-15 | 16-18 || total
---------------------------+-------+-------+-------+-------+-------+-------++-------
  Melee: War axe           |    67 |       |       |       |       |       ||    67
         Mace              |     3 |   125 |   158 |     5 |    28 |     2 ||   321
         Battleaxe         |       |       |       |   440 |   544 |   473 ||  1457
   Fire: Hand cannon       |       |       |       |       |     6 |       ||     6
   Cast: Olgreb's Toxic Ra |       |       |       |       |    24 |    59 ||    83
 Invoke: Bend Time         |       |       |       |     1 |     7 |       ||     8
         Slouch            |       |       |       |       |       |     1 ||     1
Ability: Dig               |       |     4 |     2 |     6 |    23 |    12 ||    47
  Evoke: Tin of tremorston |       |       |       |       |       |     2 ||     2
         Phial of floods   |       |       |       |       |       |     1 ||     1
         Phantom mirror    |       |       |       |       |       |     1 ||     1
    Use: Scroll            |     2 |     6 |     6 |     8 |     5 |     6 ||    33
         Potion            |       |       |     3 |     2 |     1 |     3 ||     9
 Armour: Scale mail        |    47 |     1 |       |       |       |       ||    48
         Ring mail         |       |    67 |    97 |    68 |       |       ||   232
         Chain mail        |       |       |       |   159 |    31 |       ||   190
         Plate armour      |       |       |       |       |   295 |   297 ||   592
  Dodge: Dodged            |    37 |    51 |    70 |   177 |   189 |   198 ||   722
  Block: Buckler           |    22 |     1 |       |       |       |       ||    23
         Kite shield       |       |    59 |    78 |   427 |   465 |   542 ||  1571

Table legend: (Time is in decaauts)
 A = Elapsed time spent in this place.
 B = Non-inter-level travel time spent in this place.
 C = Inter-level travel time spent in this place.
 D = Time resting spent in this place.
 E = Time spent auto-exploring this place.
 F = Levels seen in this place.
 G = Mean time per level.
                   A        B        C        D        E       F      G
               +--------+--------+--------+--------+--------+-----+--------+
         Total |  38091 |  33726 |   4365 |   3057 |  24577 |  26 | 1465.0 |
       Dungeon |  19324 |  16112 |   3212 |   1825 |  11634 |  13 | 1486.5 |
          Lair |  10004 |   9260 |    744 |    607 |   7179 |   5 | 2000.8 |
     Snake Pit |   5270 |   5107 |    163 |    311 |   3802 |   4 | 1317.5 |
  Orcish Mines |   2227 |   1982 |    245 |    230 |   1413 |   2 | 1113.5 |
       Volcano |    387 |    387 |      0 |     52 |    119 |   1 |  387.0 |
      Gauntlet |    877 |    877 |      0 |     32 |    428 |   1 |  877.0 |
               +--------+--------+--------+--------+--------+-----+--------+

Top non-repeatable levels by time:
  Lair:2: 2424 daAuts
  Lair:5: 2416 daAuts
     D:9: 2313 daAuts
    D:11: 2057 daAuts
  Lair:1: 1833 daAuts
    D:12: 1756 daAuts
  Lair:4: 1707 daAuts
  Lair:3: 1622 daAuts
    D:10: 1608 daAuts
     D:6: 1563 daAuts
    D:13: 1545 daAuts
     D:7: 1534 daAuts
     D:8: 1496 daAuts
 Snake:2: 1469 daAuts
 Snake:1: 1385 daAuts
